APic, neutral male human Valkyrie ----- |.A.AA @ E --- --..--------- ..-- --...|.......| .)..---A.@.|..@M...| ......-.@.A@A...@...| ......---..AD|...HH..| [... --...|.......| --)-- --..--------- ------ -----.%.| |...D U@ .....| .........| ----- --...-- --...------- ....-- --.... ...----|----...- ..%...%....... ------------ APic the Warrior Experience level: 17 Strength: 25 Dexterity: 16 Constitution: 18 Intelligence: 10 Wisdom: 13 Charisma: 13 Health: 241(241) Energy: 75(75) Def: 47 Gold: 0 Moves: 42182 Dungeon seed: DSkK-R8qaKy5i_S4 Game ID: APic_1433263531 Your Inventory: Amulets E - a blessed amulet of life saving (being worn) Weapons a - the rustproof +7 Mjollnir (weapon in hand) P - 2 blessed +6 spears named Charge@41847 Armor g - a blessed greased +4 gray dragon scale mail (being worn) n - a blessed +5 shield of reflection (being worn) o - a blessed greased +4 elven cloak (being worn) D - a blessed greased rusty +5 dwarvish iron helm (being worn) F - a blessed greased fireproof +4 pair of speed boots (being worn) N - an uncursed +5 Hawaiian shirt (being worn) Q - a blessed +5 pair of gauntlets of power (being worn) Comestibles I - a cursed egg named Go Team Splat! O - a cursed egg named go Team Splat! Scrolls h - an uncursed scroll of teleportation Rings i - an uncursed ring of free action (on left hand) r - an uncursed +1 ring of adornment X - an uncursed ring of conflict (on right hand) Wands d - a wand of lightning (0:3) f - a cursed wand of cold (0:5) l - a wand of death (0:4) q - a wand of cancellation (1:3) v - a wand of teleportation (0:3) G - a wand of teleportation (0:2) H - a wand of death (0:2) J - a wand of digging (0:4) M - a wand of death named from Orcus (1:3) Tools b - a blessed bag of holding e - a magic marker (1:21) k - an uncursed lock pick s - an uncursed stethoscope t - an uncursed towel u - a blessed -3 unicorn horn C - the blessed greased fireproof Platinum Yendorian Express Card W - the blessed Orb of Fate (1:1) Gems j - an uncursed jacinth stone x - an uncursed touchstone y - an uncursed black opal A - an uncursed topaz stone L - a blessed luckstone Contents of the bag of holding: an uncursed amulet of life saving an uncursed amulet of magical breathing an uncursed amulet of unchanging an uncursed +0 mummy wrapping an uncursed +0 pair of speed boots 7 uncursed Brezns 15 uncursed K-rations an uncursed apple an uncursed clove of garlic an uncursed lembas wafer 7 uncursed lumps of royal jelly 2 uncursed pancakes 8 blessed scrolls of blank paper 8 uncursed scrolls of blank paper 2 cursed scrolls of blank paper an uncursed scroll of confuse monster 5 uncursed scrolls of create monster 2 cursed scrolls of create monster a blessed scroll of earth an uncursed scroll of earth an uncursed scroll of enchant armor a cursed scroll of enchant armor a cursed scroll of enchant weapon an uncursed scroll of identify an uncursed scroll of remove curse 3 uncursed scrolls of teleportation an uncursed potion of booze a blessed potion of full healing 2 blessed potions of gain level 3 uncursed potions of gain level 16 potions of holy water a blessed potion of object detection an uncursed potion of oil a blessed potion of paralysis an uncursed potion of speed a potion of unholy water 4 uncursed potions of water an uncursed ring of invisibility an uncursed ring of levitation an uncursed ring of polymorph control an uncursed ring of searching an uncursed ring of see invisible an uncursed ring of shock resistance an uncursed ring of shock resistance an uncursed ring of stealth an uncursed ring of stealth an uncursed ring of stealth an uncursed ring of sustain ability a wand of cold (0:3) a wand of create monster (0:14) a wand of death (0:6) a wand of digging (0:8) a wand of digging (0:6) a wand of digging (0:6) a wand of digging (0:6) a wand of digging (0:5) a wand of enlightenment (0:10) a wand of fire (0:5) a wand of locking (0:2) a wand of make invisible (0:3) a wand of secret door detection (0:11) a wand of undead turning (0:4) 4 uncursed agate stones 4 uncursed amber stones 9 uncursed amethyst stones 2 uncursed aquamarine stones 7 uncursed chrysoberyl stones an uncursed citrine stone 6 uncursed diamonds 6 uncursed emeralds 4 uncursed fluorite stones 5 uncursed garnet stones 9 uncursed jade stones 9 uncursed jasper stones 4 uncursed jet stones a cursed jet stone 5 uncursed obsidian stones 9 uncursed opals 9 uncursed rubies 3 uncursed topaz stones 4 uncursed turquoise stones Spells known in the end: Name Level Category Fail Memory a - invisibility 4* escape 100% 0% b - knock 1 matter 100% 1% c - magic missile 2 attack 100% 6% Your skills at the end: Fighting Skills bare handed combat [Basic] Weapon Skills dagger [Basic] hammer [Expert] spear [Expert] Spellcasting Skills Final Attributes: You were piously aligned. You were fire resistant. You were cold resistant. You were sleep resistant. You were disintegration-resistant. You were shock resistant. You were poison resistant. You were magic-protected. You saw invisible. You were telepathic. You were warned. You were invisible to others. You were stealthy. You caused conflict. You could teleport. You had teleport control. You could fly. You were protected. You were very fast. You had reflection. You had free action. Your life would have been saved. You were extremely lucky. You had extra luck. Good luck did not time out for you. You survived. Vanquished creatures: Orcus Juiblex The Wizard of Yendor (4 times) Death Pestilence an arch-lich a high priest 2 mastodons Medusa Croesus 9 iron golems a master lich 2 ki-rin 3 storm giants 3 titans a glass golem 4 balrogs 3 purple worms 2 gray dragons 9 red dragons 3 white dragons 2 orange dragons 4 black dragons 2 blue dragons 4 yellow dragons 18 minotaurs a jabberwock Lord Surtur 3 baluchitheria 2 Angels a demilich Vlad the Impaler 6 stone golems 6 Olog-hai 3 Nazgul 10 pit fiends 5 sandestins 7 hell hounds 7 titanotheres 2 trappers a baby silver dragon a baby black dragon a guardian naga 3 disenchanters 24 vampire lords 4 shades 5 skeletons 19 aligned priests 8 captains 7 liches 4 clay golems 9 nurses 9 ice devils 3 nalfeshnees 3 lurkers above an Aleax 4 frost giants 2 ettins 14 black puddings 31 vampires 32 ghosts 11 lieutenants a knight a monk a queen bee 8 winged gargoyles a mind flayer 10 giant mimics 34 fire giants 7 ogre kings 2 ice trolls 8 rock trolls 3 umber hulks 6 flesh golems an Elvenking 6 doppelgangers 9 hezrous 12 bone devils 5 large mimics a wumpus 2 fire vortices a baby purple worm 6 long worms 7 couatls 11 stalkers 2 air elementals 5 fire elementals 5 earth elementals 2 water elementals 2 hill giants 4 giant mummies 2 black nagas 6 xorns 18 giant zombies 4 elf-lords 27 sergeants 2 water demons 2 barbed devils 14 vrocks 3 salamanders 20 wargs 5 winter wolves 8 hell hound pups 13 small mimics 3 glass piercers a warhorse 5 steam vortices 13 xans 6 ettin mummies 6 ogre lords 15 quantum mechanics 35 trolls 2 wood golems an erinys 5 mariliths 8 gelatinous cubes 2 pyrolisks a large dog 3 freezing spheres 17 flaming spheres 9 shocking spheres 6 tigers 6 gargoyles a dwarf king 4 tengu 12 ochre jellies a leocrotta 6 energy vortices 5 mountain centaurs 8 stone giants 8 elf mummies 2 human mummies 9 red nagas 11 green slimes 4 pit vipers 4 pythons 5 cobras 43 wraiths 3 carnivorous apes 12 ettin zombies 5 leather golems 19 Grey-elves 115 soldiers 2 watchmen 2 horned devils 5 succubi 7 incubi 8 chameleons 6 crocodiles 13 giant beetles 8 quivering blobs 3 cockatrices 18 wolves 18 winter wolf cubs 3 lynxes 5 panthers 32 gremlins 31 leprechauns 3 spotted jellies 6 mountain nymphs 4 orc-captains 5 iron piercers a mumak 10 giant spiders 12 scorpions 4 horses 7 ice vortices 4 black lights 12 vampire bats 4 forest centaurs 7 gnome kings 5 orc mummies 5 dwarf mummies 8 ogres 15 brown puddings 4 rust monsters 7 owlbears 4 yetis 4 gold golems 3 werewolves 10 Green-elves 4 giant eels 12 lizards a warrior 3 chickatrices a dingo 5 jaguars 4 dwarf lords 5 blue jellies 8 water nymphs 7 white unicorns 9 black unicorns 10 dust vortices 10 ravens 3 plains centaurs 8 gnome mummies 5 snakes 4 water moccasins 9 apes 24 human zombies 3 rope golems 4 Woodland-elves 10 soldier ants 59 fire ants 30 bugbears 6 imps 13 quasits 4 wood nymphs 10 Mordor orcs 8 Uruk-hai 5 orc shamans 8 rock piercers 7 rock moles a pony 3 fog clouds 14 yellow lights 7 violet fungi 17 gnome lords 11 gnomish wizards 4 kobold mummies 2 black naga hatchlings 2 guardian naga hatchlings 8 gray oozes 2 barrow wights 14 elf zombies 24 ghouls a straw golem 2 paper golems 2 baby crocodiles 16 giant ants 2 little dogs 18 floating eyes 4 kittens 24 dwarves 2 homunculi 2 kobold lords 7 kobold shamans 17 hill orcs 15 rothes 7 rabid rats 4 centipedes 8 giant bats 2 monkeys 12 orc zombies 13 dwarf zombies a werejackal 9 iguanas 43 killer bees an acid blob 6 coyotes 3 gas spores 5 hobbits 2 large kobolds 18 hobgoblins 7 giant rats 16 cave spiders 9 yellow molds 3 green molds 5 red molds 63 gnomes 13 garter snakes 6 manes 17 gnome zombies 7 geckos 17 jackals a fox 6 kobolds 10 goblins 6 sewer rats 20 grid bugs 8 lichens 22 kobold zombies 8 newts 2246 creatures vanquished. Genocided or extinct species: chickatrices cockatrices pyrolisks hobbits dwarves bugbears dwarf lords dwarf kings mind flayers master mind flayers liches demiliches master liches arch-liches rust monsters disenchanters soldiers (extinct) jellyfish piranhas sharks giant eels electric eels krakens 22 species genocided. 1 species extinct. Voluntary challenges: You had been an atheist until turn 4520. You used a wielded weapon 4067 times, starting on turn 223. You read items or engraved 154 times, starting on turn 1096. You genocided 22 types of monsters, starting on turn 19117. You polymorphed 1 item, starting on turn 9441. You never changed form. You used 9 wishes, starting on turn 6189. You wished for your your first artifact on turn 15697. You split 16 puddings, starting on turn 7830. You wrote Elbereth's name 3 times, starting on turn 1096. You violated your moral code, losing 18 points of alignment, starting on turn 3136. Dungeon overview: The Dungeons of Doom: levels 1 to 25 Level 1 stairs to The Elemental Planes Level 2 Level 3 a general store stairs to The Gnomish Mines Level 4 Level 5 Level 6 (Spare Unihorn) stairs to Sokoban Level 7 Level 8 Level 9 Level 10 Level 11 portal to The Quest Level 12 Level 13 Level 14 ( ) a temple to Loki Level 15 Level 16 Level 17 Level 18 Level 19 Level 20 Level 21 a fountain Level 22 portal to Fort Ludios Level 23 Level 24 Level 25 Gehennom: levels 26 to 48 Level 26 a temple to Moloch stairs to The Dungeons of Doom Level 27 Level 28 Level 29 Level 30 Level 31 Level 32 a fountain Level 33 Level 34 stairs to Vlad's Tower Level 35 Level 36 Level 37 some shops, an altar to Moloch, some fountains Level 38 Level 39 Level 40 (Wiz Tower Top) Level 41 Level 42 portal to Gehennom Level 43 Level 44 (Portal to Tower) portal to Gehennom Level 45 Level 46 (LevTeleTrap) Level 47 Level 48 The Gnomish Mines: levels 4 to 12 Level 4 stairs to The Dungeons of Doom Level 5 Level 6 Level 7 many shops, a temple to Odin, a fountain Level 8 Level 9 Level 10 Level 11 Level 12 (Spellbooks) The Quest: levels 1 to 6 Level 1 a fountain portal to The Dungeons of Doom Level 2 Level 3 Level 4 Level 5 Level 6 Sokoban: Level 5 stairs to The Dungeons of Doom Fort Ludios: Level 1 portal to The Dungeons of Doom Vlad's Tower: levels 31 to 33 Level 31 Level 32 Level 33 stairs to Gehennom The Elemental Planes: Astral Plane <- You were here a high altar Plane 4 portal to The Elemental Planes Plane 3 portal to The Elemental Planes Plane 2 portal to The Elemental Planes Plane 1 portal to The Elemental Planes History has recorded: On T:1 you entered the Dungeons of Doom to retrieve the Amulet of Yendor! On T:322 you advanced to experience level 2. On T:527 you reached level 2 of The Dungeons of Doom. On T:901 you advanced to experience level 3. On T:950 you reached level 3 of The Dungeons of Doom. On T:1499 you reached level 1 of The Gnomish Mines. On T:1607 you advanced to experience level 4. On T:2025 you advanced to experience level 5. On T:2133 you reached level 2 of The Gnomish Mines. On T:2837 you advanced to experience level 6. On T:3805 you reached level 3 of The Gnomish Mines. On T:4047 you advanced to experience level 7. On T:4227 you reached level 4 of The Gnomish Mines. On T:4566 you reached level 5 of The Gnomish Mines. On T:4930 you reached level 6 of The Gnomish Mines. On T:5128 you advanced to experience level 8. On T:5385 you reached level 7 of The Gnomish Mines. On T:5713 you reached level 8 of The Gnomish Mines. On T:6057 you reached level 9 of The Gnomish Mines. On T:6189 you wished for "blessed fixed +3 gray Dragon Scale Mail". On T:6467 you advanced to experience level 9. On T:7297 you reached level 4 of The Dungeons of Doom. On T:7886 you reached level 5 of The Dungeons of Doom. On T:8164 you advanced to experience level 10. On T:8278 you reached level 6 of The Dungeons of Doom. On T:8344 you wished for "blessed fixed +3 pair of speed boots". On T:8443 you reached level 4 of Sokoban. On T:8598 you reached level 7 of The Dungeons of Doom. On T:8809 you reached level 8 of The Dungeons of Doom. On T:9650 you reached level 9 of The Dungeons of Doom. On T:10023 you reached level 10 of The Dungeons of Doom. On T:10266 you reached level 11 of The Dungeons of Doom. On T:10295 you advanced to experience level 11. On T:10962 you reached level 1 of The Quest. On T:11006 you reached level 12 of The Dungeons of Doom. On T:11062 you advanced to experience level 12. On T:11555 you reached level 13 of The Dungeons of Doom. On T:11734 you reached level 14 of The Dungeons of Doom. On T:12044 you reached level 15 of The Dungeons of Doom. On T:12292 you reached level 16 of The Dungeons of Doom. On T:12767 you reached level 17 of The Dungeons of Doom. On T:13387 you reached level 18 of The Dungeons of Doom. On T:13600 you reached level 19 of The Dungeons of Doom. On T:14435 you received Mjollnir from Odin. On T:15284 you reached level 20 of The Dungeons of Doom. On T:15696 you advanced to experience level 13. On T:15697 you wished for "blessed greased fixed platinum yendorian express card". On T:15920 you reached level 21 of The Dungeons of Doom. On T:16397 you advanced to experience level 14. On T:17769 you reached level 22 of The Dungeons of Doom. On T:18514 you reached Fort Ludios. On T:19400 you killed Croesus in Fort Ludios. On T:20229 you reached level 23 of The Dungeons of Doom. On T:20995 you killed Medusa on level 23 of The Dungeons of Doom. On T:21014 you reached level 24 of The Dungeons of Doom. On T:26758 you reached The Castle. On T:27184 you wished for "blessed amulet of life saving". On T:28296 you wished for "uncursed magic Marker". On T:28914 you embarked upon an epic quest. On T:28939 you reached level 2 of The Quest. On T:28985 you reached level 3 of The Quest. On T:29264 you reached level 4 of The Quest. On T:29381 you reached level 5 of The Quest. On T:29544 you wished for "uncursed magic Marker". On T:29808 you reached level 6 of The Quest. On T:30020 you killed Lord Surtur on level 6 of The Quest. On T:30155 you completed the quest! On T:30235 you reached The Valley of the Dead. On T:30741 you advanced to experience level 15. On T:31189 you reached level 2 of Gehennom. On T:31810 you reached level 3 of Gehennom. On T:32586 you reached level 5 of Gehennom. On T:32689 you reached level 6 of Gehennom. On T:33182 you reached level 7 of Gehennom. On T:33314 you killed Juiblex on level 7 of Gehennom. On T:33440 you reached level 8 of Gehennom. On T:33591 you reached level 9 of Gehennom. On T:34083 you reached level 3 of Vlad's Tower. On T:34263 you reached level 2 of Vlad's Tower. On T:34466 you reached level 1 of Vlad's Tower. On T:34501 you advanced to experience level 16. On T:34532 you killed Vlad the Impaler on level 1 of Vlad's Tower. On T:34819 you reached level 10 of Gehennom. On T:34831 you wished for "uncursed magic Marker". On T:35233 you reached level 11 of Gehennom. On T:35858 you reached level 12 of Gehennom. On T:36347 you advanced to experience level 17. On T:36386 you reached level 13 of Gehennom. On T:36618 you reached level 14 of Gehennom. On T:36890 you reached level 15 of Gehennom. On T:36985 you reached level 16 of Gehennom. On T:37024 you reached level 17 of Gehennom. On T:37230 you reached level 18 of Gehennom. On T:37329 you reached level 19 of Gehennom. On T:37676 you reached level 20 of Gehennom. On T:37752 you reached level 21 of Gehennom. On T:37899 you reached level 22 of Gehennom. On T:39832 you killed Wizard of Yendor on level 15 of Gehennom. On T:40024 you performed the invocation. On T:40029 you reached level 23 of Gehennom. On T:40459 you killed high priest of Moloch on level 23 of Gehennom. On T:40484 you gained the Amulet of Yendor! On T:40936 you killed Orcus on level 10 of Gehennom. On T:41167 you killed Wizard of Yendor on level 6 of Gehennom. On T:41324 you lost the Amulet of Yendor. On T:41326 you killed Wizard of Yendor in The Valley of the Dead. On T:41329 you gained the Amulet of Yendor! On T:41875 you reached the Plane of Earth. On T:41879 you killed Wizard of Yendor on the Plane of Earth. On T:41954 you reached the Plane of Air. On T:42007 you reached the Plane of Fire. On T:42029 you reached the Plane of Water. On T:42100 you reached the Astral Plane. On T:42144 you killed Death on the Astral Plane. On T:42161 you killed Pestilence on the Astral Plane. On T:42180 you wished for "3 unholy rotted Eggs named Go Team Splat!". On T:42181 you wished for "3 unholy rotted Eggs named go Team Splat!". On T:42182 you lost the Amulet of Yendor. On T:42182 you offered the Amulet of Yendor to Odin and ascended to the status of Demigod! Score breakdown: Gold: 0 ( 0 points) Experience: 17 levels (22283 points) Exploration: 48 levels (100.00%) (30000 points) Discoveries: 146 items ( 59.59%) (23158 points) Valuables value: 132800 (17427 points) Artifact value: 14500 (14155 points) Variety of kills: 273 monsters ( 72.03%) (25461 points) Time penalty: 42182 turns (-4505 points) Survival: ascended (score multiplied by 200%) Total score: 255958 Latest messages: The bolt of fire hits the Angel of Tyr! You hear some noises in the distance. The priestess of Tyr wields a mace! The Angel of Loki swings his long sword. The Angel of Loki hits! (2x) The Angel of Loki casts a spell! You are hit by a shower of missiles! The missiles bounce off! The priest of Odin casts a spell! The priest of Odin looks better. The Angel of Tyr swings his long sword. The Angel of Tyr misses. The Angel of Tyr swings his long sword. The Angel of Tyr misses. The Angel of Tyr hits! You offer the Amulet of Yendor to Odin... An invisible choir sings, and you are bathed in radiance... The voice of Odin rings out: "Congratulations, mortal!" "In return for thy service, I grant thee the gift of Immortality!" You ascend to the status of Demigod... Final status: Farvel APic the Demigod, ascended... You went to your reward with 255958 points, Mjollnir (worth 4000 zorkmids) The Platinum Yendorian Express Card (worth 7000 zorkmids) The Orb of Fate (worth 3500 zorkmids) 9 rubies (worth 31500 zorkmids), 9 opals (worth 7200 zorkmids), 9 amethyst stones (worth 5400 zorkmids), 9 jasper stones (worth 4500 zorkmids), 9 jade stones (worth 2700 zorkmids), 7 chrysoberyl stones (worth 4900 zorkmids), 6 diamonds (worth 24000 zorkmids), 6 emeralds (worth 15000 zorkmids), 5 jet stones (worth 4250 zorkmids), 5 garnet stones (worth 3500 zorkmids), 5 obsidian stones (worth 1000 zorkmids), 4 turquoise stones (worth 8000 zorkmids), 4 amber stones (worth 4000 zorkmids), 4 topaz stones (worth 3600 zorkmids), 4 fluorite stones (worth 1600 zorkmids), 4 agate stones (worth 800 zorkmids), 2 aquamarine stones (worth 3000 zorkmids), 1 jacinth stone (worth 3250 zorkmids), 1 black opal (worth 2500 zorkmids), 1 citrine stone (worth 1500 zorkmids), 2 amulets of life saving (worth 300 zorkmids), 1 amulet of unchanging (worth 150 zorkmids), 1 amulet of magical breathing (worth 150 zorkmids), and 0 pieces of gold, after 42182 moves. You were level 17 with a maximum of 241 hit points when you ascended.